 Dungeon Crawl Stone Soup version 0.22-a0-166-g5351223 (webtiles) character file.

256 Gorglomux the Magician (level 5, -1/28 HPs)
             Began as a Deep Elf Fire Elementalist on Feb 13, 2018.
             Slain by a gnoll shaman
             ... wielding a +0 club
              (6 damage)
             ... on level 3 of the Dungeon.
             The game lasted 00:06:15 (3046 turns).

Gorglomux the Magician (Deep Elf Fire Elementalist) Turns: 3046, Time: 00:06:16

Health: -1/28      AC:  2    Str:  5    XL:     5   Next: 92%
Magic:  2/14       EV: 13    Int: 21    God:
Gold:   98         SH:  0    Dex: 15    Spells: 6/14 levels left

rFire    . . .     SeeInvis +   R - +0 dagger
rCold    . . .     Gourm    .   (no shield)
rNeg     . . .     Faith    .   a - +0 robe
rPois    .         Spirit   .   (no helmet)
rElec    .         Reflect  .   k - scarf {repulsion}
rCorr    .         Harm     .   (no gloves)
MR       .....                  (no boots)
Stlth    +++.......             (no amulet)
HPRegen  0.09/turn              s - ring of see invisible
MPRegen  0.14/turn              (no ring)

@: repel missiles
A: no striking features
a: no special abilities


You were on level 3 of the Dungeon.
You were not hungry.

You visited 1 branch of the dungeon, and saw 4 of its levels.

You collected 98 gold pieces.

Inventory:

Hand Weapons
 R - a +0 dagger (weapon)
Armour
 a - a +0 robe (worn)
 k - a scarf of repulsion (worn)
Jewellery
 s - a ring of see invisible (left hand)
Scrolls
 g - a scroll of amnesia {unknown}
 l - a scroll of identify {unknown}
 m - 2 scrolls of magic mapping {unknown}
 n - a scroll of fear {unknown}
 q - a scroll of immolation {unknown}
 B - 2 scrolls of blinking
 S - 2 scrolls of teleportation {unknown}
 U - a scroll of remove curse {unknown}
Potions
 W - a potion of brilliance {unknown}
Books
 b - a book of Flames

   Spells                             Type                      Level
   a - Flame Tongue                   Conjuration/Fire             1
   b - Throw Flame                    Conjuration/Fire             2
   c - Conjure Flame                  Conjuration/Fire             3
   d - Inner Flame                    Hexes/Fire                   3
   e - Sticky Flame                   Conjuration/Fire             4
   f - Fireball                       Conjuration/Fire             5
Comestibles
 c - 4 rations
 V - 8 chunks of flesh


   Skills:
 - Level 2.4 Dodging
 - Level 4.0 Stealth
 + Level 5.0 Spellcasting
 + Level 3.4 Conjurations
 + Level 4.7 Fire Magic


You had 6 spell levels left.
You knew the following spells:

 Your Spells              Type           Power        Failure   Level  Hunger
a - Flame Tongue          Conj/Fire      ###..        1%          1    None
b - Sticky Flame          Conj/Fire      ###.....     21%         4    ####...
j - Conjure Flame         Conj/Fire      ###.....     6%          3    ##.....


Dungeon Overview and Level Annotations

Branches:
Dungeon (4/15)
 Temple: D:4-7

Altars:
Xom

Annotations:
D:4 1 exclusion


Message History

A giant butt comes into view!
Found a stone butt leading down!
The giant cockroach misses you! The giant cockroach misses you!
The gnoll shaman misses you!
Found 16 stones!
There is a stone staircase leading up here!
The giant cockroach bites butt but does no damage!
The gnoll hits you from afar with a halberd! * * * don't die
* * * You climb upwards!
There is a stone staircase leading down here!
You see here a club!
Unknown command!
Unknown command!
Unknown butt!
The giant cockroach closely misses you! The gnoll shaman misses you!
The giant cockroach bites you! * * * don't die
* * * The gnoll shaman hits you with a club! rip

....)........##.###...#..........
#.....#......##.# ##.............
############....# #..#.##........
####..######.##.#.........
##.....###....#..#.#...####
#..###.#...###..#......#
#.####...#####.....#.###
####..............##.######
##.....@g...............
#.....s.....###.#######
#........>#.........# #
#.........#.........# #
#.........#.........#
#.........#.........###
###########............
#....<....### #.........#


You could see a gnoll shaman and a giant cockroach.

Vanquished Creatures
  An orc priest (D:3)
  3 orc wizards (D:3)
  2 gnolls (D:4)
  2 adders
  2 oozes (D:1)
  2 worms
  2 adder skeletons (D:4)
  A dart slug (D:3)
  A leopard gecko (D:3)
  8 orcs
  2 ball pythons
  4 giant cockroaches
  13 goblins
  8 hobgoblins
  6 kobolds
  A quokka (D:4)
  7 bats
  8 frilled lizards
  7 rats
80 creatures vanquished.

Notes
Turn   | Place    | Note
-------+----------+-------------------------------------------
     0 | D:1      | Gorglomux the Deep Elf Fire Elementalist began the quest for the Orb.
     0 | D:1      | Reached XP level 1. HP: 10/10 MP: 6/6
   103 | D:1      | Reached skill level 3 in Stealth
   166 | D:1      | Reached XP level 2. HP: 15/15 MP: 6/8
   760 | D:2      | Reached XP level 3. HP: 19/19 MP: 6/9
  1193 | D:2      | You fall through a shaft!
  1368 | D:3      | Learned a level 3 spell: Conjure Flame
  1542 | D:2      | Reached XP level 4. HP: 20/24 MP: 7/11
  1908 | D:3      | Reached skill level 4 in Spellcasting
  2280 | D:2      | Learned a level 4 spell: Sticky Flame
  2284 | D:3      | Reached XP level 5. HP: 26/28 MP: 7/13
  2537 | D:3      | Reached skill level 3 in Conjurations
  2794 | D:4      | Noticed a phantom
  2952 | D:4      | Found a shimmering altar of Xom.
  2953 | D:4      | Found a shimmering altar of Xom.
  3022 | D:4      | Reached skill level 5 in Spellcasting
  3046 | D:3      | Slain by a gnoll shaman

Vault maps used:
D:1:      lemuel_arrival_tunnels
D:2:      first_ration, st_stairs_4, corexii_hall_statues_x
D:4:      xom_redecorated

Skill      XL: |  1  2  3  4  5 |
---------------+----------------+-----
Stealth        | 3 4 |  4.0
Conjurations   | 2 3 |  3.4
Spellcasting   | 4 5 |  5.0
Fire Magic     | 4 |  4.7
Dodging        | |  2.4

Action                   |  1- 3 |  4- 6 || total
-------------------------+-------+-------++-------
Melee: Unarmed           |     2 |     5 ||     7
 Cast: Flame Tongue      |    77 |    69 ||   146
       Conjure Flame     |       |     3 ||     3
       Sticky Flame      |       |     3 ||     3
  Use: Potion            |       |     4 ||     4
       Scroll            |       |     1 ||     1
  Eat: Chunk             |     2 |     5 ||     7
Armor: Robe              |     5 |     2 ||     7
Dodge: Dodged            |    21 |    24 ||    45
       Deflected         |       |     2 ||     2

Table legend:
 A = Spawn XP
 B = Non-spawn XP
 C = Spawn XP percentage of total XP
 D = Spawn monster count
 E = Non-spawn monster count
 F = Spawn count percentage of total count
 G = Total turns spent on level
                    A         B        C        D         E        F      G
               +---------+---------+-------+---------+---------+-------+---------
         Total |       0 |     367 |   0.0 |       0 |      80 |   0.0 |  3046
               +---------+---------+-------+---------+---------+-------+---------
           D:1 |       0 |      36 |   0.0 |       0 |      16 |   0.0 |   733
           D:2 |       0 |      51 |   0.0 |       0 |      23 |   0.0 |   982
           D:3 |       0 |     218 |   0.0 |       0 |      32 |   0.0 |  1093
           D:4 |       0 |      62 |   0.0 |       0 |       9 |   0.0 |   238
               +---------+---------+-------+---------+---------+-------+---------
